 Dungeon Crawl Stone Soup version 0.30-a0-1042-gacf32f4bd3 (webtiles) character file.

Game seed: 1060967971669496968

7 CryoSword the Ducker (level 1, 0/14 HPs)
             Began as a Minotaur Air Elementalist on Apr 9, 2023.
             Succumbed to a kobold's poison
             ... on level 1 of the Dungeon.
             The game lasted 00:01:03 (421 turns).

CryoSword the Ducker (Minotaur Air Elementalist)     Turns: 421, Time: 00:01:04

Health: 0/14       AC:  2    Str: 12    XL:     1   Next: 83%
Magic:  0/1        EV: 12    Int: 12    God:
Gold:   4          SH:  0    Dex: 10    Spells: 1/2 levels left

rFire   . . .      SeeInvis .    e - +0 short sword
rCold   . . .      Faith    .    (no shield)
rNeg    . . .      Spirit   .    a - +0 robe
rPois   .          Reflect  .    (helmet restricted)
rElec   .          Rampage  .    (no cloak)
rCorr   .                        (no gloves)
Will    .....                    (no boots)
Stlth   ++                       (no amulet)
HPRegen 0.22/turn                (no ring)
MPRegen 0.07/turn                (no ring)

@: brilliant, lethally poisoned (0 -> -2)
A: horns 2, retaliatory headbutt
a: no special abilities


You were on level 1 of the Dungeon.
You visited 1 branch of the dungeon, and saw 1 of its levels.

You collected 4 gold pieces.

Inventory:

Hand Weapons
 c - a +0 whip of venom
   (You took it off a kobold on level 1 of the Dungeon)
 e - a +0 short sword (weapon)
   (You found it on level 1 of the Dungeon)
Armour
 a - a +0 robe (worn)
Scrolls
 d - 2 scrolls of identify {unknown}
Potions
 b - a potion of magic


   Skills:
 + Level 2.3 Dodging
 + Level 1.7 Stealth
 + Level 1.4 Spellcasting
 + Level 0.8 Conjurations
 + Level 2.2 Air Magic


You had one spell level left.
You knew the following spells:

 Your Spells              Type           Power      Damage    Failure   Level
a - Shock                 Conj/Air       24%        1d4       16%         1

Your spell library contained the following spells:

 Spells                   Type           Power      Damage    Failure   Level
 Static Discharge         Conj/Air       12%        2-3/arc   22%         2
 Swiftness                Air            9%         N/A       34%         3
 Airstrike                Air            4%         2d(1-17)  75%         4


Dungeon Overview and Level Annotations

Branches:
Dungeon (1/15)

Altars:


Innate Abilities, Weirdness & Mutations

You have a pair of horns on your head.
You reflexively headbutt those who attack you in melee.


Message History

The frilled lizard bites you but does no damage.
You hit the frilled lizard.
You kill the frilled lizard!
Found a stone staircase leading down.
You start resting.
Could not explore, unopened door.
Could not explore, unopened door.
Could not explore, unopened door.
As you open the door, it creaks loudly!
A frilled lizard comes into view.
A frilled lizard is nearby!
A frilled lizard is nearby!
There is an open door here.
Aim: a frilled lizard (43% to hit)
The zap misses the frilled lizard.
You closely miss the frilled lizard.
The frilled lizard bites you but does no damage.
You hit the frilled lizard.
The frilled lizard bites you but does no damage.
You barely miss the frilled lizard. You headbutt the frilled lizard.
You kill the frilled lizard!
No target in view!
Could not explore, unopened door.
Could not explore, unopened door.
You open the door.
Could not explore, unopened door.
You open the door.
Found a scroll labelled IGOSEF FEWK.
There is an open door here.
d - a scroll labelled IGOSEF FEWK A rat comes into view.
The rat bites you but does no damage. That beam is likely to hit you.
Continue anyway? [Y]es or [N]o only, please.
That beam is likely to hit you.
Continue anyway?
Okay, then.
The rat attacks as you move away! The rat barely misses you.
You furiously retaliate!
You headbutt the rat, but do no damage.
The zap misses the rat.
The zap hits the rat.
The rat bites you but does no damage.
You don't have enough magic to cast this spell.
You hit the rat.
You kill the rat!
You see here a rat corpse.
Found a short sword.
Could not explore, unopened door.
Could not explore, unopened door.
As you open the door, it creaks loudly!
Found a scroll labelled IGOSEF FEWK.
There is an open door here.
d - 2 scrolls labelled IGOSEF FEWK (gained 1) Could not explore, unopened door.
Could not explore, unopened door.
You open the door.
Found a glowing helmet.
There is an open door here.
You see here a +0 short sword.
e - a +0 short sword
e - a +0 short sword (weapon)
There is an open door here.
Could not explore, unopened door.
Could not explore, unopened door.
You open the door.
Found a robe.
A quokka comes into view.
There is an open door here.
A quokka is nearby!
A quokka is nearby!
The quokka bites you but does no damage.
You barely miss the quokka.
You headbutt the quokka, but do no damage.
The quokka misses you. You furiously retaliate!
You headbutt the quokka. The quokka bites you.
You hit the quokka. The quokka bites you.
You barely miss the quokka. The quokka barely misses you.
You barely miss the quokka. Your headbutt misses the quokka.
The quokka twitches its whiskers.
The quokka misses you.
You barely miss the quokka. Your headbutt misses the quokka.
The quokka closely misses you.
You barely miss the quokka. The quokka misses you. The quokka bites you.
You hit the quokka but do no damage. The quokka barely misses you.
Aim: a quokka (heavily wounded, 51% to hit)
The zap misses the quokka.
The quokka bites you.
Unknown command.
Hit: e) +0 short sword
Aim: a quokka (heavily wounded, about 54% to evade your +0 short sword)
You hit the quokka but do no damage. Your headbutt misses the quokka.
The quokka barely misses you.
Hit: e) +0 short sword
Aim: a quokka (heavily wounded, about 54% to evade your +0 short sword)
You hit the quokka but do no damage. The quokka barely misses you.
Hit: e) +0 short sword
Aim: a quokka (heavily wounded, about 54% to evade your +0 short sword)
You hit the quokka.
You kill the quokka!
Hit: e) +0 short sword That would be overly suicidal.
Okay, then.
Unknown command.
You see here a quokka corpse.
Could not explore, unopened door.
Could not explore, unopened door.
You open the door.
There is an open door here.
There is an open door here.
You see here a +2 helmet.
There is an open door here.
There is an open door here.
A kobold comes into view. It is wielding a +0 dagger.
A kobold is nearby!
A kobold is nearby!
A kobold is nearby!
The kobold shouts!
The kobold hits you but does no damage.
You barely miss the kobold. The kobold hits you with a +0 dagger.
You closely miss the kobold. The kobold completely misses you.
You hit the kobold. The kobold hits you but does no damage.
You barely miss the kobold. You headbutt the kobold.
You kill the kobold!
No target in view!
You now have 4 gold pieces.
A kobold comes into view. It is wielding a +0 whip of venom.
A kobold is nearby!
A kobold is nearby!
Aim: a kobold, wielding a +0 whip of venom and quivering stones (asleep, 100% to hit)
The zap hits the kobold.
The kobold throws a stone.
The stone hits you.
The kobold hits you with a +0 whip of venom.
You are lethally poisoned!
You hit the kobold but do no damage.
You feel very sick. The kobold barely misses you.
You hit the kobold.
You kill the kobold!
* * * LOW HITPOINT WARNING * * *
You feel very sick.
It was a potion of brilliance.
You feel clever all of a sudden.
* * * LOW HITPOINT WARNING * * *
You feel sick.
* * * LOW HITPOINT WARNING * * *
You feel sick.
Things that are here:
a +0 whip of venom; 2 stones; a kobold corpse
c - a +0 whip of venom
* * * LOW HITPOINT WARNING * * *
You feel sick.
* * * LOW HITPOINT WARNING * * *
You feel sick.
You die...

#.# #.# #.# #.#
###.# ##.#.#
####...(#
+.......#
####...@# ##.#.#
###.# #.# #+# #.#
#.# #.# ##.######
#.# #.......# #.#
##...###.######.#


There were no monsters in sight!

Vanquished Creatures
  A ball python (D:1)
  A quokka (D:1)
  2 frilled lizards (D:1)
  2 kobolds (D:1)
  A rat (D:1)
7 creatures vanquished.

Notes
Turn   | Place    | Note
-------+----------+-------------------------------------------
     0 | D:1      | CryoSword the Minotaur Air Elementalist began the quest for
                  | the Orb.
     0 | D:1      | Reached XP level 1. HP: 14/14 MP: 1/1
   421 | D:1      | Succumbed to a kobold's poison

Illustrated notes

Levels and vault maps discovered:
D:1:      scummos_arrival_simple_crosswalls, layout_loops_corners,
          shapermc_ecumenical_altar_flowoftime

Action                     || total
---------------------------++-------
  Melee: Short sword       ||    16
         Unarmed           ||     9
         Headbutt          ||     3
   Cast: Shock             ||     5
    Use: Potion            ||     1
 Armour: Robe              ||     8
  Dodge: Dodged            ||    11

Table legend: (Time is in decaauts)
 A = Elapsed time spent in this place.
 B = Non-inter-level travel time spent in this place.
 C = Inter-level travel time spent in this place.
 D = Time resting spent in this place.
 E = Time spent auto-exploring this place.
 F = Levels seen in this place.
 G = Mean time per level.
                   A        B        C        D        E       F      G
               +--------+--------+--------+--------+--------+-----+--------+
         Total |    420 |    420 |      0 |      9 |    332 |   1 |  420.0 |
       Dungeon |    420 |    420 |      0 |      9 |    332 |   1 |  420.0 |
               +--------+--------+--------+--------+--------+-----+--------+

Top non-repeatable levels by time:
     D:1: 420 daAuts
